Map: Frozen Temple

Players

GnuGnu

  • Race: Protoss Protoss
  • League: Diamond

llllllllllll - Winner!

  • Race: Protoss Protoss
  • League: Diamond

VOD

Have the link to the VOD?

Description

Time

  • Played on: Sept. 22, 2016, 7:38 p.m.
  • Length: 10:39
Show
View Real Time Build Order
Export as new Build Order

GnuGnu Protoss 

Build Orders:  

Get SALT Encoding   

  12  0:02  Probe (Chrono Boost)  
  13  0:12  Probe (Chrono Boost)  
  14  0:18  Pylon  
  14  0:23  Probe (Chrono Boost)  
  15  0:36  Probe (Chrono Boost)  
  15  0:38  Gateway  
  16  0:47  Probe (Chrono Boost)  
  16  0:48  Assimilator  
  17  0:53  Assimilator  
  17  0:58  Probe (Chrono Boost)  
  18  1:08  Probe (Chrono Boost)  
  18  1:10  Gateway  
  19  1:22  Zealot  
  21  1:37  Cybernetics Core  
  19  2:11  Stalker  
  9  3:25  Probe (Chrono Boost)  
  10  3:32  Warp Gate  
  10  3:35  Probe (Chrono Boost)  
  11  3:46  Probe (Chrono Boost)  
  12  3:57  Probe (Chrono Boost)  
  12  3:58  Stalker  
  15  4:08  Probe (Chrono Boost)  
  16  4:18  Pylon  
  16  4:19  Probe (Chrono Boost)  
  17  4:30  Probe (Chrono Boost)  
  18  4:37  Robotics Facility  
  18  4:46  Gateway  
  18  4:49  Probe (Chrono Boost)  
  19  4:58  Stalker  
  21  5:08  Probe (Chrono Boost)  
  22  5:20  Pylon  
  22  5:25  Probe (Chrono Boost)  
  23  5:31  Warp Prism  
  25  5:43  Stalker  
  27  5:50  Stalker  
  29  6:02  Probe (Chrono Boost)  
  30  6:10  Pylon  
  30  6:21  Stalker  
  30  6:22  Adept x2  
  36  6:43  Stalker  
  36  6:44  Stalker  
  32  7:05  Mothership Core (Chrono Boost)  
  34  7:14  Stalker x2  
  26  7:38  Stalker x2  
  26  7:39  Stalker  
  32  7:48  Warp Prism  
  24  8:10  Stalker  
  26  8:19  Stalker  
  28  8:24  Stalker  
  30  8:45  Stalker  
  30  8:46  Stalker  
  32  8:54  Stalker  
Show
View Real Time Build Order
Export as new Build Order

llllllllllll Protoss - Winner!

Build Orders:  

Get SALT Encoding   

  12  0:01  Probe (Chrono Boost)  
  13  0:12  Probe (Chrono Boost)  
  14  0:23  Pylon  
  14  0:25  Probe (Chrono Boost)  
  15  0:41  Probe (Chrono Boost)  
  16  0:46  Forge  
  16  0:53  Probe (Chrono Boost)  
  17  1:12  Pylon  
  17  1:13  Pylon  
  17  1:15  Pylon  
  17  1:16  Pylon  
  17  1:22  Probe (Chrono Boost)  
  18  1:30  Photon Cannon  
  18  1:43  Pylon  
  18  1:52  Pylon  
  18  1:56  Photon Cannon  
  18  2:05  Photon Cannon  
  18  2:12  Photon Cannon  
  18  2:15  Photon Cannon  
  18  2:19  Photon Cannon  
  18  2:42  Photon Cannon  
  18  2:59  Probe (Chrono Boost)  
  18  3:04  Nexus  
  19  3:10  Probe (Chrono Boost), Assimilator  
  20  3:15  Assimilator  
  20  3:20  Probe (Chrono Boost)  
  20  3:22  Assimilator  
  20  3:23  Photon Cannon, Assimilator  
  21  3:28  Gateway  
  21  3:31  Probe (Chrono Boost)  
  22  3:38  Pylon  
  22  3:42  Probe (Chrono Boost)  
  23  3:52  Probe (Chrono Boost)  
  24  3:57  Photon Cannon  
  25  4:03  Probe (Chrono Boost)  
  25  4:13  Probe (Chrono Boost), Pylon  
  26  4:24  Probe (Chrono Boost)  
  27  4:30  Photon Cannon  
  27  4:32  Probe (Chrono Boost)  
  27  4:38  Cybernetics Core  
  28  4:40  Probe (Chrono Boost)  
  28  4:42  Probe (Chrono Boost)  
  28  4:45  Pylon  
  30  4:50  Probe (Chrono Boost)  
  31  4:53  Probe (Chrono Boost)  
  31  4:56  Assimilator  
  32  5:01  Probe (Chrono Boost)  
  32  5:05  Probe (Chrono Boost)  
  33  5:18  Stargate  
  33  5:31  Pylon  
  33  5:36  Stargate  
  33  5:37  Stargate  
  33  5:38  Pylon  
  33  5:39  Probe (Chrono Boost)  
  33  5:40  Probe (Chrono Boost)  
  35  5:49  Probe (Chrono Boost)  
  36  5:51  Probe (Chrono Boost)  
  36  5:54  Pylon  
  36  5:58  Oracle  
  36  6:01  Probe x2 (Chrono Boost)  
  41  6:10  Pylon  
  41  6:14  Pylon  
  41  6:16  Mothership Core (Chrono Boost)  
  43  6:20  Void Ray  
  47  6:29  Void Ray  
  30  6:58  Void Ray  
  25  7:34  Probe (Chrono Boost)  
  26  7:40  Void Ray  
  26  8:07  Probe (Chrono Boost)  
  26  8:11  Probe (Chrono Boost)  
  27  8:13  Void Ray  
  27  8:19  Probe (Chrono Boost)  
  32  8:50  Void Ray  
  36  8:59  Pylon  
Tags
 
Add a new tag
Caveats
  • Supply blocks, unpowered buildings, or Contaminate may cause inaccurate times.
  • Supply counts are checked every 10 seconds.